Build Order

Get SALT Encoding   

  14  0:16  Supply Depot  
  15  0:37  Barracks  
  16  0:43  Refinery  
  19  1:25  Reaper  
  20  1:26  Orbital Command  
  20  1:47  Command Center  
  21  1:57  Supply Depot  
  21  2:00  Barracks Reactor  
  22  2:07  Barracks  
  23  2:20  Factory  
  23  2:27  Refinery  
  24  2:36  Marine x2  
  30  2:59  Orbital Command  
  30  3:05  Starport  
  31  3:08  Widow Mine  mineral line for oracles
  33  3:12  Barracks Tech Lab  
  38  3:34  Stimpack  
  40  3:45  Medivac  
  42  3:46  Factory Reactor  
  46  3:54  Stimpack  
Spawning Tool Build Advisor. Get it on Overwolf

Go to:

Details

  • Created by: crashpoint
  • Published on: Aug 15, 2016
  • Modified on: Aug 15, 2016
  • Patch: Pre-3.8.0
Show
View Real Time Build Order
Export as new Build Order

Comments (2)

On Sept. 6, 2016, 9:42 a.m., rthmjohn  said:

Not sure this is any different from Polt's 2/1/1 TvP build.

On Aug. 17, 2016, 7:32 p.m., ryan  said:

The build order is great. But we import by MOD SALT make timer run 1.5 times faster than real time. We all know that lotv use real time. This make us can not follow the build order.

Create an account to comment!